 Dungeon Crawl Stone Soup version 0.29.1-1-gd02db6906a (webtiles) character file.

Game seed: 14170668841151593957

1 xian the Sneak (level 1, 0/19 HPs)
             Began as a Draconian Delver on Sept 30, 2022.
             Slain by a giant cockroach (1 damage)
             ... on level 4 of the Dungeon.
             The game lasted 00:00:45 (61 turns).

xian the Sneak (Draconian Delver)                     Turns: 61, Time: 00:00:46

Health: 0/19       AC:  4    Str: 14    XL:     1   Next: 16%
Magic:  1/1        EV: 12    Int: 10    God:
Gold:   0          SH:  0    Dex: 12    Spells: 0/0 levels left

rFire   . . .      SeeInvis .   a - +0 short sword
rCold   . . .      Faith    .   (no shield)
rNeg    . . .      Spirit   .   (body armour unavailable)
rPois   .          Reflect  .   (helmet restricted)
rElec   .          Harm     .   (no cloak)
rCorr   .          Rampage  .   (no gloves)
Will    .....                   (no boots)
Stlth   +++.......              (no amulet)
HPRegen 0.06/turn               (no ring)
MPRegen 0.07/turn               (no ring)

@: slowed, very slow
A: AC +4, unfitting armour, cold-blooded
a: no special abilities


You were on level 4 of the Dungeon.
You visited 1 branch of the dungeon, and saw 2 of its levels.

Inventory:

Hand Weapons
 a - a +0 short sword (weapon)
Armour
 g - a +0 pair of gloves
Wands
 f - a wand of digging (3)
Scrolls
 b - a scroll of fog
 c - a scroll of magic mapping
 d - a scroll of fear
 h - a scroll of teleportation {unknown}
 i - a scroll of identify {unknown}
Potions
 e - a potion of haste


   Skills:
 + Level 3.3 Fighting
 + Level 2.0 Short Blades
 + Level 1.7 Dodging
 + Level 4.5 Stealth


You couldn't memorise any spells.
You didn't know any spells.
Your spell library was empty.

Dungeon Overview and Level Annotations

Branches:
Dungeon (5/15)
 Temple: D:4-7

Altars:


Innate Abilities, Weirdness & Mutations

Your plain brown scales are hard. (AC +4)
You cannot fit into any form of body armour.
You are cold-blooded and may be slowed by cold attacks.


Message History

The ufetubus misses you.
The ufetubus hits you but does no damage.
The ufetubus barely misses you. The giant cockroach bites you.
The ufetubus attacks as you move away!
The ufetubus hits you but does no damage.
The ufetubus closely misses you. The ufetubus barely misses you.
The ufetubus hits you.
The giant cockroach attacks as you move away!
The giant cockroach bites you but does no damage.
The ufetubus attacks as you move away! The ufetubus barely misses you.
The ufetubus misses you.
You barely miss the giant cockroach. The ufetubus barely misses you.
The ufetubus hits you but does no damage.
The giant cockroach bites you. The ufetubus misses you.
The ufetubus barely misses you. The endoplasm freezes you.
You are frozen.
You feel yourself slow down.
Unknown command.
You don't know any spells.
Your library has no spells.
Unknown command.
Unknown command.
Unknown command.
You hit the endoplasm.
The endoplasm is lightly wounded.
You feel yourself speed up. The giant cockroach misses you.
The ufetubus completely misses you.
The ufetubus hits you but does no damage.
The giant cockroach closely misses you. The endoplasm freezes you.
You are frozen.
* * * LOW HITPOINT WARNING * * *
You feel yourself slow down. The ufetubus barely misses you.
The ufetubus hits you.
* * * LOW HITPOINT WARNING * * *
You hit the endoplasm.
You kill the endoplasm!
The ufetubus closely misses you. The ufetubus misses you.
The giant cockroach bites you.
You die...

#............
#............#####
.>...........#...#
#.....5......#...#
+....).......#...#
#............#...#
....##########...#
#.#......# #.W.#
#.#....#.# #.B@#
#.#......#####.5.#
#...............o#
#+##.........o...#
#.............#
+.......o.....#
#...........###
#...........#
#.S.........#


You could see a phantom, 3 orcs, an ufetubus and a giant cockroach.

Vanquished Creatures
  An endoplasm (D:4)
  A goblin (D:4)
2 creatures vanquished.

Notes
Turn   | Place    | Note
-------+----------+-------------------------------------------
     0 | D:5      | xian the Draconian Delver began the quest for the Orb.
     0 | D:5      | Reached XP level 1. HP: 19/19 MP: 1/1
    19 | D:5      | Noticed a hound
    19 | D:5      | Noticed a gnoll bouda
    19 | D:5      | Noticed an ice beast
    37 | D:4      | Noticed a phantom
    61 | D:4      | Slain by a giant cockroach

Illustrated notes

Levels and vault maps discovered:
D:4:      layout_basic
D:5:      layout_basic, lemuel_temple_firewalk_a

Action                   || total
-------------------------++-------
Melee: Short sword       ||     4
 Stab: Sleeping          ||     1
Armor: Skin              ||    10
Dodge: Dodged            ||    24
